 Dungeon Crawl Stone Soup version 0.28.0 (webtiles) character file.

Game seed: 14007556636567425445

569 cbfl8 the Sneak (level 7, -11/91 HPs)
             Began as a Minotaur Delver on Feb 10, 2022.
             Mangled by a gnoll sergeant (13 damage)
             ... on level 4 of the Dungeon.
             The game lasted 00:09:08 (4036 turns).

cbfl8 the Sneak (Minotaur Delver)                   Turns: 4036, Time: 00:09:08

Health: -11/91     AC: 23    Str: 18    XL:     7   Next: 11%
Magic:  6/6        EV:  2    Int:  7    God:
Gold:   79         SH:  0    Dex: 12    Spells: 6/6 levels left

rFire   . . .      SeeInvis .   a - +0 hand axe
rCold   . . .      Faith    .   (no shield)
rNeg    . . .      Spirit   .   (armour currently unavailable)
rPois   +          Reflect  .   (helmet currently unavailable)
rElec   .          Harm     .   (cloak currently unavailable)
rCorr   +          Rampage  .   (gloves currently unavailable)
Will    .....      NoTele   +   (boots currently unavailable)
Stlth   +++.......              (no amulet)
HPRegen 0.25/turn               r - ring of resist corrosion
MPRegen 0.10/turn               (no ring)

@: brilliant, tree-form
A: stationary, stasis, torment immunity, boosted hp, (horns 2), (retaliatory
headbutt)
a: no special abilities


You were on level 4 of the Dungeon.
You were a tree.
You visited 1 branch of the dungeon, and saw 5 of its levels.

You collected 79 gold pieces.

Inventory:

Hand Weapons
 a - a +0 hand axe (weapon)
Armour
 b - a +0 leather armour
 k - a +0 ring mail
 o - a +0 scale mail (melded)
Magical Staves
 i - a staff of cold
Jewellery
 r - a ring of resist corrosion (left branch)
Wands
 g - a wand of digging (3)
Scrolls
 d - a scroll of teleportation {unknown}
 e - a scroll of fear
 h - a scroll of immolation {unknown}
 l - a scroll of silence {unknown}
 m - 2 scrolls of enchant weapon {unknown}
 n - a scroll of enchant armour {unknown}
 q - 2 scrolls of identify {unknown}
 s - a scroll of blinking {unknown}
 w - a scroll of amnesia {unknown}
Potions
 f - a potion of haste
 t - a potion of heal wounds {unknown}
 u - a potion of might {unknown}


   Skills:
 + Level 5.2 Fighting
 + Level 5.2 Axes
 + Level 2.7 Armour
 + Level 3.1 Dodging
 + Level 5.9 Stealth


You had 6 spell levels left.
You didn't know any spells.
Your spell library contained the following spells:

 Spells                   Type           Power      Damage    Failure   Level
 Tukima's Dance           Hex            0%         N/A       80%         3
 Passage of Golubria      Tloc           0%         N/A       99%         4
 Yara's Violent Unravell  Hex/Tmut       0%         3d3       100%        5


Dungeon Overview and Level Annotations

Branches:
Dungeon (5/15)
 Temple: D:4-7

Altars:
Cheibriados
Fedhas
Gozag


Innate Abilities, Weirdness & Mutations

You are a tree.
Your roots penetrate the ground, keeping you stationary.
You cannot be teleported.
You are immune to unholy pain and torment.
Your maximum health is greatly increased.
Your equipment is partially melded.
((You have a pair of horns on your head.))
((You reflexively headbutt those who attack you in melee.))


Message History

The gnoll hits you but does no damage.
Okay, then.
You hit the gnoll but do no damage.
The gnoll is moderately wounded.
The gnoll hits you but does no damage.
The gnoll sergeant hits you but does no damage.
The gnoll hits you but does no damage.
You hit the gnoll.
The gnoll is moderately wounded.
You hit the gnoll. The gnoll hits you with a +0 club.
* * * LOW HITPOINT WARNING * * *
The gnoll hits you but does no damage.
The gnoll sergeant drinks a potion.
The gnoll sergeant goes berserk!
The gnoll hits you from afar with a +0 spear.
* * * LOW HITPOINT WARNING * * *
As you read the scroll of fog, it crumbles to dust.
The scroll dissolves into smoke.
The gnoll hits you but does no damage.
The gnoll sergeant hits you but does no damage.
The gnoll hits you but does no damage. x2
You barely miss the gnoll.
The gnoll is moderately wounded.
You hit the gnoll.
The gnoll sergeant hits you but does no damage.
The gnoll hits you with a +0 club.
* * * LOW HITPOINT WARNING * * *
The gnoll barely misses you.
The gnoll sergeant hits you from afar with a +0 spear.
* * * LOW HITPOINT WARNING * * *
The gnoll hits you but does no damage.
As you read the scroll of fear, it crumbles to dust.
You assume a fearsome visage.
The gnoll sergeant is unaffected.
The gnoll looks frightened! x4
The gnoll sergeant hits you from afar with a +0 spear.
* * * LOW HITPOINT WARNING * * *
You cannot move.
Unknown command.
It was a potion of brilliance.
You feel clever all of a sudden.
The gnoll sergeant hits you from afar with a +0 spear!
You die...

#,#...####..#* #.#* ##.#
#.#.........# ##..###.##
#.#.........#####.......#
##..........,,.........###
#.........#****#.....†...#
*#.....§§#* ##.........
#.....gg## ##........
#.....§§§## ##........)
#.....g§♣§# ##..........
#.....###§####.....###...
*#.....# ##.#.......####..
*#.#...## ##.####.....#*..
#..:...* #.# #...###,..
###....*****#.# #...# ***#
##..#**,,,..# ##.## *
***,,****### #.# * ****
###


You could see a gnoll sergeant (berserk) and 2 gnolls.

Vanquished Creatures
  A sky beast (D:5)
  An ogre (D:5)
  A phantom (D:4)
  A scorpion (D:3)
  A hound (D:5)
  A bullfrog skeleton (D:4)
  A hound skeleton (D:4)
  A howler monkey zombie (D:3)
  5 gnolls (D:4)
  4 adders
  A white imp (D:5)
  6 orcs
  6 endoplasms
  2 giant cockroaches
  10 goblins
  4 hobgoblins
  6 jackals
  7 kobolds
  5 quokkas
  6 ball pythons
  7 bats
  4 frilled lizards
  4 rats
85 creatures vanquished.

Notes
Turn   | Place    | Note
-------+----------+-------------------------------------------
     0 | D:5      | cbfl8 the Minotaur Delver began the quest for the Orb.
     0 | D:5      | Reached XP level 1. HP: 19/19 MP: 0/0
    15 | D:5      | Noticed a hound
    27 | D:5      | Killed a hound
    28 | D:5      | Reached XP level 2. HP: 12/27 MP: 1/1
    28 | D:5      | Reached XP level 3. HP: 15/33 MP: 2/2
   296 | D:5      | Noticed a sky beast
   301 | D:5      | Killed a sky beast
   302 | D:5      | Reached skill level 5 in Stealth
   302 | D:5      | Reached XP level 4. HP: 28/40 MP: 3/3
   549 | D:5      | Noticed an ogre
   556 | D:5      | Killed an ogre
   557 | D:5      | Reached skill level 1 in Armour
   557 | D:5      | Reached XP level 5. HP: 18/47 MP: 4/4
  1054 | D:3      | Found an opulent altar of Gozag.
  1054 | D:3      | Found a blossoming altar of Fedhas.
  1155 | D:3      | Reached XP level 6. HP: 27/53 MP: 5/5
  1436 | D:1      | Found a faded altar of an unknown god.
  2609 | D:3      | Found a snail-covered altar of Cheibriados.
  3712 | D:4      | Reached skill level 5 in Fighting
  3712 | D:4      | Reached skill level 5 in Axes
  3712 | D:4      | Reached XP level 7. HP: 33/61 MP: 6/6
  4034 | D:4      | HP: 4/91 [gnoll sergeant (2)]
  4035 | D:4      | HP: 1/91 [gnoll sergeant (3)]
  4036 | D:4      | Mangled by a gnoll sergeant

Illustrated notes

Levels and vault maps discovered:
D:1:      minmay_arrival_checkered_box, layout_basic,
          hellmonk_ecumenical_altar_pennies_from_heaven, nrook_mini_vaults
D:2:      layout_basic, basic_altar
D:3:      layout_loops_ring, mainiacjoe_overflow_brackets,
          mainiacjoe_overflow_divided_tiny
D:4:      layout_layer_cave, chequers_ossuary_entry_cave
D:5:      layout_gridville, mainiacjoe_overflow_chevrons, uniq_ijyb

Skill      XL: |  1  2  3  4  5  6 |
---------------+-------------------+-----
Fighting       | 4 5 |  5.2
Axes           | 3 5 |  5.2
Stealth        | 5 |  5.9
Armour         | 1 2 |  2.7
Dodging        | 3 |  3.1

Action                   |  1- 3 |  4- 6 |  7- 9 || total
-------------------------+-------+-------+-------++-------
Melee: Hand axe          |    17 |   140 |    22 ||   179
       Headbutt          |       |    25 |     4 ||    29
       Punch             |       |     2 |     2 ||     4
  Use: Scroll            |       |     1 |     3 ||     4
       Potion            |       |     1 |     3 ||     4
 Stab: Sleeping          |     3 |     1 |       ||     4
Armor: Leather armour    |     5 |    19 |       ||    24
       Scale mail        |       |    46 |     4 ||    50
       Ring mail         |       |     3 |       ||     3
       Skin              |       |       |    13 ||    13
Dodge: Dodged            |     6 |   106 |    12 ||   124
